 Dungeon Crawl Stone Soup version 0.20-a0-1043-gbd57889 (webtiles) character file.

1587 Gorglomux the Cleaver (level 8, -7/73 HPs)
             Began as a Hill Orc Gladiator on Apr 24, 2017.
             Was a Follower of the Shining One.
             Mangled by an orc warrior
             ... wielding a +0 battleaxe
              (18 damage)
             ... on level 5 of the Dungeon.
             The game lasted 00:13:53 (7129 turns).

Gorglomux the Cleaver (Hill Orc Gladiator)          Turns: 7129, Time: 00:13:53

Health: -7/73      AC:  7    Str: 17    XL:     8   Next: 92%
Magic:  8/8        EV: 12    Int:  8    God:    the Shining One [*.....]
Gold:   194        SH:  0    Dex: 14    Spells: 7/7 levels left

rFire    . . .     SeeInvis .   a - +0 war axe
rCold    . . .     Gourm    .   (no shield)
rNeg     + . .     Faith    .   g - +0 ring mail
rPois    +         Spirit   .   c - +0 helmet
rElec    .         Reflect  .   (no cloak)
rCorr    .         Harm     .   (no gloves)
MR       .....                  (no boots)
Stlth    +.........             k - amulet of rage {+Rage, !d}
Regen    0.3/turn               u - ring of positive energy {rN+}
MPRegen  0.2/turn               e - ring of poison resistance {rPois, !d}

@: glowing
A: no striking features
a: Renounce Religion, Evoke Berserk Rage


You were on level 5 of the Dungeon.
You worshipped the Shining One.
The Shining One was aware of your devotion.
You were hungry.

You visited 1 branch of the dungeon, and saw 6 of its levels.
You also visited: Sewer.

You collected 284 gold pieces.
You spent 90 gold pieces at shops.

Inventory:

Hand Weapons
 a - a +0 war axe (weapon)
 P - a +0 war axe
   (You took it off an orc on level 6 of the Dungeon)
Missiles
 d - 5 throwing nets {=f, !d}
Armour
 c - a +0 helmet (worn)
 g - a +0 ring mail (worn)
   (You found it on level 1 of the Dungeon)
 q - a +0 large shield
   (You found it on level 1 of the Dungeon)
 G - a +0 plate armour
   (You found it on level 4 of the Dungeon)
 K - a +0 cloak
   (You found it on level 5 of the Dungeon)
 M - a +0 shield
   (You found it on level 5 of the Dungeon)
 N - a +0 pair of gloves
   (You found it on level 5 of the Dungeon)
Jewellery
 e - a ring of poison resistance (right hand) {rPois, !d}
   (You found it on level 1 of the Dungeon)
 k - an amulet of rage (around neck) {+Rage, !d}
   (You found it on level 1 of the Dungeon)
 u - a ring of positive energy (left hand) {rN+}
   (You found it on level 2 of the Dungeon)
 w - an uncursed ring of protection from fire {rF+, !d}
   (You found it on level 2 of the Dungeon)
Wands
 z - a wand of confusion (3/48)
   (You found it on level 4 of the Dungeon)
 A - a wand of lightning (6/15)
   (You found it on level 3 of the Dungeon)
 J - a wand of paralysis (0/24)
   (You took it off an orc on level 5 of the Dungeon)
Scrolls
 b - a scroll of identify {unknown}
 i - 2 scrolls of remove curse
 j - 2 scrolls of enchant armour {unknown}
 n - a scroll of amnesia
 o - 3 scrolls of teleportation
 x - 2 scrolls of immolation {unknown}
 y - a scroll of magic mapping {unknown}
 B - 3 scrolls of blinking {!r}
 C - 2 scrolls of fog {unknown}
 F - a scroll of noise {unknown}
Potions
 h - a potion of magic {unknown}
 l - 2 potions of mutation {unknown}
 m - 2 potions of curing
 p - 2 potions of invisibility {unknown}
 r - a potion of experience {unknown}
 s - 2 potions of lignification {unknown}
 t - 2 potions of haste
 D - 4 potions of flight {unknown}
 E - a potion of heal wounds {unknown}
 H - a potion of agility {unknown}
 L - a potion of might {unknown}
Comestibles
 f - 5 bread rations {@e1@e1}
 v - 5 meat rations {@e2@e2}
 I - a royal jelly


   Skills:
 + Level 7.1 Fighting
 + Level 10.9 Axes
 - Level 1.7 Throwing
 * Level 5.1 Armour
 - Level 2.4 Dodging


You had 7 spell levels left.
You didn't know any spells.

Dungeon Overview and Level Annotations

Branches:
Dungeon (6/15)
 Temple: D:4-7

Altars:
Dithmenos
Hepliaklqana
Kikubaaqudgha
Wu Jian
Zin
The Shining One

Annotations:
D:3 Malvoorn's ghost, amateur HOFi
D:6 Dowan; Duvessa


Message History

You slash the sky beast!
You kill the sky beast!
Your Fighting skill increases to level 7!
You regained 2 hp, and now have 68/73 hp.
A sky beast comes into view.
A sky beast is nearby!
The sky beast hits you but does no damage.
You slash the sky beast!
The sky beast flickers out of sight for a moment.
The sky beast hits you but does no damage.
You hit the sky beast but do no damage. The sky beast closely misses you.
You slash the sky beast! The sky beast barely misses you.
You hit the sky beast but do no damage. The sky beast hits you.
The sky beast shocks you.
You take 5 damage, and have 64/73 hp.
You barely miss the sky beast.
The sky beast hits you but does no damage.
You hit the sky beast but do no damage. The sky beast closely misses you.
You slice the sky beast!!
You kill the sky beast!
Your Armour skill increases to level 5!
No target in view!
No target in view!
Found an escape hatch in the ceiling.
You and your allies can gain power from killing the unholy and evil. 2 orc priests come into view.
The orc priest shouts, "Surrender to Beogh and we'll let you live!"
The orc priest calls down the wrath of Beogh upon you.
You struggle to resist.
There is an escape hatch in the ceiling here.
There are monsters nearby!
An orc and an orc warrior come into view.
The orc shouts!
The orc warrior shouts!
You slash the orc priest!
The orc priest threatens, "By the altar or by the axe, you will meet Beogh!"
The orc priest shouts, "Join the one true god or die!"
You slash the orc!
You kill the orc!
The orc priest hits you but does no damage.
You hit the orc priest.
You hit the orc priest but do no damage.
The orc priest barely misses you.
You barely miss the orc priest. You slash the orc priest!
The orc priest threatens, "By the altar or by the axe, you will meet Beogh!"
The orc priest calls upon Beogh to heal the orc priest.
The orc priest is healed somewhat.
The orc priest hits you but does no damage.
There is an escape hatch in the ceiling here.
You slash the orc priest!
You hit the orc warrior but do no damage.
The orc warrior closely misses you.
The orc priest hits you but does no damage.
You hit the orc priest.
You kill the orc priest!
The Shining One accepts your kill.
The orc priest mumbles some strange prayers to Beogh against you.
Beogh smites you!
You take 15 damage, and have 53/73 hp.
MASSIVE DAMAGE!!
The orc priest looks encouraged for a moment.
The orc priest calls down the wrath of Beogh upon you.
Beogh smites you!
You take 14 damage, and have 40/73 hp.
The orc warrior suddenly curses.
All of the chunks of flesh in your inventory have rotted away.
There is a stone staircase leading up here.
The orc warrior hits you with a battleaxe!!
* * * LOW HITPOINT WARNING * * *
You climb upwards.
There is a stone staircase leading down here.
You take 26 damage, and have 18/73 hp.
MASSIVE DAMAGE!!
Okay, then.
Unknown command.
Aim: an orc warrior, wielding a battleaxe and wearing a chain mail (haloed, chance to defeat MR: 46%)
Okay, then.
There is a stone staircase leading down here.
Here: an orc warrior, wielding a battleaxe and wearing a chain mail (haloed)
The floor.
You are feeling hungry.
Aim: an orc warrior, wielding a battleaxe and wearing a chain mail (haloed, chance to defeat MR: 46%)
The orc warrior resists with some effort.
Evoking this partially-identified wand wasted a few charges.
The orc warrior hits you with a battleaxe!
You take 7 damage, and have 30/73 hp.
Aim: an orc warrior, wielding a battleaxe and wearing a chain mail (haloed, chance to defeat MR: 46%)
The orc warrior resists with some effort.
Evoking this partially-identified wand wasted a few charges.
The orc warrior hits you with a battleaxe!!
* * * LOW HITPOINT WARNING * * *
You take 19 damage, and have 11/73 hp.
MASSIVE DAMAGE!!
Aim: an orc warrior, wielding a battleaxe and wearing a chain mail (haloed, chance to defeat MR: 46%)
The orc warrior resists with some effort.
Evoking this partially-identified wand wasted a few charges.
Aim: an orc warrior, wielding a battleaxe and wearing a chain mail (haloed, chance to defeat MR: 46%)
The orc warrior resists with some effort.
Evoking this partially-identified wand wasted a few charges.
The orc warrior hits you with a battleaxe!!
You die...

##.##.## #......###.........#
#.#..# ##.#...## #####.#####
#.#.## #..##+## #.# #...#
##.###.# #.## #..## #..# #.#
#..# #..# #.####.### ##.# #..#
##........# #.# ##..#
#.........# #.#
##...###..###@...########.#
##.#.#.##..##o.............#
###.##.##.......#.#.##########
.................>..#
#####.#.####.####.#.# # ##.##
#.####.#.# ## ### #........#
.# ###....### .# ###....######


You could see an orc warrior.

Vanquished Creatures
  A water moccasin (D:5)
  2 sky beasts (D:6)
  A phantom (D:4)
  2 ogres (D:4)
  A centaur (D:5)
  A scorpion (D:5)
  A howler monkey (D:4)
  A crimson imp (D:5)
  A quasit (D:5)
  2 hounds (D:5)
  3 orc priests
  A centaur skeleton (D:4)
  Jessica (D:2)
  3 iguanas
  3 worker ants
  Natasha (thrice) (D:4)
  Terence (D:1)
  2 hound skeletons (D:4)
  9 gnolls (D:4)
  8 adders
  3 oozes
  An adder skeleton (D:4)
  4 worms
  2 dart slugs
  3 leopard geckos
  12 orcs
  21 bats
  10 giant cockroaches
  7 goblins
  7 hobgoblins
  18 jackals
  6 quokkas
  4 ball pythons
  A ball python skeleton (D:5)
  8 frilled lizards
  8 kobolds
  A leopard gecko zombie (D:5)
  4 rats
167 creatures vanquished.

Notes
Turn   | Place    | Note
-------+----------+-------------------------------------------
     0 | D:1      | Gorglomux the Hill Orc Gladiator began the quest for the Orb.
     0 | D:1      | Reached XP level 1. HP: 18/18 MP: 1/1
    44 | D:1      | Reached XP level 2. HP: 10/25 MP: 2/2
   335 | D:1      | Reached skill level 5 in Axes
   469 | D:1      | Reached XP level 3. HP: 30/30 MP: 3/3
  1033 | D:2      | Found an ancient bone altar of Kikubaaqudgha.
  1037 | D:2      | Reached skill level 3 in Fighting
  1052 | D:2      | Noticed Jessica
  1056 | D:2      | Killed Jessica
  1056 | D:2      | Reached skill level 6 in Axes
  1056 | D:2      | Reached XP level 4. HP: 21/38 MP: 4/4
  1382 | D:2      | Noticed Terence
  1546 | D:1      | Killed Terence
  1670 | D:2      | Reached XP level 5. HP: 41/45 MP: 5/5
  1859 | D:2      | Reached skill level 7 in Axes
  2210 | D:3      | Reached skill level 4 in Fighting
  2519 | D:3      | Found a hazy altar of Hepliaklqana.
  2697 | D:3      | Noticed Malvoorn's ghost (amateur HOFi)
  2928 | D:4      | Noticed an ogre
  2931 | D:4      | Reached XP level 6. HP: 31/53 MP: 6/6
  2931 | D:4      | HP: 9/53 [ogre/giant spiked club (18)]
  2932 | D:4      | Reached skill level 8 in Axes
  3255 | D:4      | Found a glowing drain.
  3284 | Sewer    | Entered a sewer
  3818 | D:4      | Noticed Natasha
  3820 | D:4      | Reached skill level 5 in Fighting
  3820 | D:4      | Reached XP level 7. HP: 55/61 MP: 7/7
  3824 | D:4      | Killed Natasha
  3824 | D:4      | Reached skill level 9 in Axes
  3840 | D:4      | Noticed Natasha
  3851 | D:4      | Killed Natasha
  4324 | D:4      | Noticed Natasha
  4334 | D:4      | Killed Natasha
  4470 | D:4      | Reached skill level 10 in Axes
  4826 | D:4      | Reached skill level 1 in Armour
  5083 | D:4      | Found an ornate altar of the Wu Jian Council.
  5085 | D:4      | Found a glowing golden altar of the Shining One.
  5269 | D:4      | Became a worshipper of the Shining One
  5289 | D:4      | Reached skill level 6 in Fighting
  5289 | D:4      | Reached XP level 8. HP: 66/70 MP: 8/8
  5466 | D:5      | Entered Level 5 of the Dungeon
  5527 | D:5      | HP: 17/70 [poisoned by a water moccasin]
  5529 | D:5      | Reached skill level 2 in Armour
  5532 | D:5      | HP: 14/70 [poisoned by a water moccasin]
  5537 | D:5      | HP: 12/70 [poisoned by a water moccasin]
  5542 | D:5      | HP: 11/70 [poisoned by a water moccasin]
  5549 | D:5      | HP: 10/70 [poisoned by a water moccasin]
  5557 | D:5      | HP: 10/70 [poisoned by a water moccasin]
  6000 | D:5      | Found Zin's Purification Station.
  6003 | D:5      | Found a glowing silver altar of Zin.
  6008 | D:5      | Reached skill level 3 in Armour
  6017 | D:5      | Bought a potion of curing for 90 gold pieces
  6290 | D:5      | Reached skill level 4 in Armour
  6448 | D:5      | Found a shadowy altar of Dithmenos.
  6828 | D:6      | Noticed Dowan
  6848 | D:6      | Noticed Duvessa
  6981 | D:6      | Reached skill level 7 in Fighting
  6993 | D:6      | Reached skill level 5 in Armour
  7000 | D:6      | Reached * piety under the Shining One
  7034 | D:6      | HP: 17/73 [orc warrior/battleaxe (27)]
  7127 | D:5      | HP: 11/73 [orc warrior/battleaxe (19)]
  7129 | D:5      | Mangled by an orc warrior

Vault maps used:
D:1:      dpeg_arrival_tiny_h, st_stairs_13, minivault_4
D:2:      overflow_temple_1_default, first_bread, uniq_jessica, uniq_terence
D:3:      lemuel_doored_altar, minmay_misc_feat_tiny
D:4:      minitemple, gup_sewer_entry_bubbles, roderic_lattice_a,
          roderic_serpentine_path, uniq_natasha
D:5:      zin_purify, lemuel_coloured_pillars_altar, minmay_gold_behind_fungi
D:6:      uniq_duvessa, uniq_pikel, uniq_blork_the_orc
Sewer:    sewer_fruit_machine

Skill      XL: |  1  2  3  4  5  6  7  8 |
---------------+-------------------------+-----
Axes           | 5 6 7 8 10 | 10.9
Fighting       | 3 4 5 6 7 |  7.1
Armour         | 1 5 |  5.1
Throwing       | |  1.7
Dodging        | |  2.4

Action                   |  1- 3 |  4- 6 |  7- 9 || total
-------------------------+-------+-------+-------++-------
Melee: War axe           |    78 |   225 |   229 ||   532
Evoke: Wand              |       |       |     8 ||     8
  Use: Scroll            |       |     3 |     1 ||     4
  Eat: Chunk             |     1 |     8 |    11 ||    20
Armor: Leather armour    |    14 |       |       ||    14
       Ring mail         |    17 |   115 |    51 ||   183
       Plate armour      |       |       |    19 ||    19
Dodge: Dodged            |    54 |   178 |   100 ||   332

Vault maps used:
D:1:      dpeg_arrival_tiny_h, st_stairs_13, minivault_4
D:2:      overflow_temple_1_default, first_bread, uniq_jessica, uniq_terence
D:3:      lemuel_doored_altar, minmay_misc_feat_tiny
D:4:      minitemple, gup_sewer_entry_bubbles, roderic_lattice_a,
          roderic_serpentine_path, uniq_natasha
D:5:      zin_purify, lemuel_coloured_pillars_altar, minmay_gold_behind_fungi
D:6:      uniq_duvessa, uniq_pikel, uniq_blork_the_orc
Sewer:    sewer_fruit_machine

Table legend:
 A = Turns spent in this place as a percentage of turns spent in the entire game.
 B = Non-inter-level travel turns spent in this place as a percentage of non-inter-level travel turns spent in the entire game.
 C = Inter-level travel turns spent in this place as a percentage of turns spent in this place.
 D = Turns resting spent in this place as a percentage of non-inter-level travel turns spent in this place.
 E = Turns spent auto-exploring this place as a percentage of non-inter-level travel turns spent in this place.
 F = Non-inter-level travel turns spent in this place divided by the number of levels of this place that you've seen.
                   A       B       C       D       E      F
               +-------+-------+-------+-------+-------+----------------------
         Total | 100.0 | 100.0 |   0.6 |   1.9 |   7.9 | 289.0
       Dungeon |  91.7 |  91.7 |   0.6 |   2.1 |   8.0 | 309.2
         Sewer |   8.3 |   8.3 |   0.0 |   0.0 |   6.0 | 168.0
               +-------+-------+-------+-------+-------+----------------------

Table legend:
 A = Kills in this place as a percentage of kills in entire the game.
 B = Kills by you in this place as a percentage of kills by you in the entire game.
 C = Kills by friends in this place as a percentage of kills by friends in the entire game.
 D = Other kills in this place as a percentage of other kills in the entire game.
 E = Experience gained in this place as a percentage of experience gained in the entire game.
 F = Experience gained in this place divided by the number of levels of this place that you have seen.
                   A       B       C       D       E      F
               +-------+-------+-------+-------+-------+----------------------
         Total | 100.0 | 100.0 |  -nan |  -nan | 100.0 | 324.0
       Dungeon |  88.0 |  88.0 |  -nan |  -nan |  98.3 | 371.7
         Sewer |  12.0 |  12.0 |  -nan |  -nan |   1.7 |  38.0
               +-------+-------+-------+-------+-------+----------------------
